 Dungeon Crawl Stone Soup version 0.30-a0-605-gb2882149bf (webtiles) character file.

Game seed: 6805358629290851138

10 OTABOTABOTAB the Insei (level 2, -1/18 HPs)
             Began as an Octopode Transmuter on Jan 7, 2023.
             Slain by a quokka (4 damage)
             ... on level 1 of the Dungeon.
             The game lasted 00:00:31 (326 turns).

OTABOTABOTAB the Insei (Octopode Transmuter)         Turns: 326, Time: 00:00:31

Health: -1/18      AC:  1    Str:  9    XL:     2   Next: 20%
Magic:  5/5        EV: 13    Int: 15    God:
Gold:   29         SH:  0    Dex: 12    Spells: 4/5 levels left

rFire   . . .      SeeInvis .      - Unarmed
rCold   . . .      Faith    .    (no shield)
rNeg    . . .      Spirit   .    (helmet restricted)
rPois   .          Reflect  .    (no amulet)
rElec   .          Harm     .    (no ring)
rCorr   .          Rampage  .    (no ring)
Will    .....                    (no ring)
Stlth   ++                       (no ring)
HPRegen 0.23/turn                (no ring)
MPRegen 0.09/turn                (no ring)
                                 (no ring)
                                 (no ring)

@: no status effects
A: almost no armour, amphibious, 8 rings, camouflage 1, gelatinous body 1,
(nimble swimmer 1), tentacles
a: no special abilities


You were on level 1 of the Dungeon.
You visited 1 branch of the dungeon, and saw 1 of its levels.

You collected 29 gold pieces.

Inventory:

Scrolls
 b - a scroll of teleportation {unknown}
 c - a scroll of acquirement {unknown}
Potions
 a - a potion of lignification {!q}
 d - a potion of resistance {unknown}
 e - a potion of heal wounds {unknown}


   Skills:
 - Level 1.0 Fighting
 - Level 2.0 Dodging
 + Level 3.3 Unarmed Combat
 - Level 2.0 Spellcasting
 + Level 2.4 Transmutations


You had 4 spell levels left.
You knew the following spells:

 Your Spells              Type           Power      Damage    Failure   Level
a - Beastly Appendage     Tmut           16%        N/A       9%          1

Your spell library contained the following spells:

 Spells                   Type           Power      Damage    Failure   Level
 Wereblood                Tmut           8%         N/A       12%         2
 Spider Form              Tmut/Pois      5%         N/A       38%         3
 Ice Form                 Ice/Tmut       5%         N/A       80%         4


Dungeon Overview and Level Annotations

Branches:
Dungeon (1/15)

Altars:


Innate Abilities, Weirdness & Mutations

You cannot wear most types of armour.
You are amphibious.
You can wear up to eight rings at the same time.
Your skin changes colour to match your surroundings (Stealth+).
Your rubbery body absorbs attacks. (AC +1, EV +1)
((You are camouflaged when in or above water. (Stealth+)))
You have tentacles for arms and can constrict up to eight enemies at once.


Message History

Your grab misses the ball python. The ball python bites you.
The ball python constricts you.
You take 2 damage, and have 7/13 hp.
You barely miss the ball python. You grab the ball python.
You pierce the ball python, but do no damage.
You constrict the ball python. The ball python closely misses you.
The ball python constricts you.
You tentacle-slap the ball python.
You kill the ball python!
Your tentacle spike disappears.
b - a scroll labelled XOGUAP FIAQI Health restored: 13; MP restored: 3
c - a scroll labelled VUODAMMEASH
There is a stone staircase leading down here.
You now have 27 gold pieces (gained 11).
You see here a +0 club.
A dart slug comes into view.
An endoplasm comes into view.
The endoplasm quivers.
The endoplasm freezes you.
You are frozen.
You take 1 damage, and have 12/13 hp.
You tentacle-slap the endoplasm. The endoplasm freezes you.
You are frozen.
You take 1 damage, and have 11/13 hp.
You tentacle-slap the endoplasm. The endoplasm closely misses you.
Unknown command.
You tentacle-slap the endoplasm but do no damage.
You squeeze the endoplasm.
You kill the endoplasm!
No target in view!
No target in view!
Health restored: 13 A dart slug is nearby!
Unknown command.
The helpless dart slug fails to defend itself.
You tentacle-slap the dart slug. Your grab misses the dart slug.
You tentacle-slap the dart slug. You grab the dart slug.
You constrict the dart slug. The dart slug bites you.
You take 2 damage, and have 11/13 hp.
You tentacle-slap the dart slug.
You kill the dart slug!
You have reached level 2!
You regained 5 hp, and now have 16/18 hp.
MP restored: 5
Things that are here:
4 stones; a dart slug corpse You now have 29 gold pieces (gained 2).
You see here a +0 leather armour.
d - a bubbling orange potion Health restored: 18
e - a grey potion A kobold comes into view.
It is wielding a +0 dagger.
Unknown command.
A quokka comes into view.
The kobold shouts!
The kobold hits you with a +0 dagger.
You take 2 damage, and have 16/18 hp.
You tentacle-slap the kobold. You grab the kobold.
You constrict the kobold, but do no damage.
The kobold hits you with a +0 dagger.
You take 2 damage, and have 14/18 hp.
Unknown command.
You barely miss the kobold. You squeeze the kobold.
You kill the kobold!
A quokka comes into view.
The quokka bites you. The quokka barely misses you.
You barely miss the quokka. You grab the quokka.
Your squeeze misses the quokka.
You constrict the quokka, but do no damage.
The quokka bites you. The quokka closely misses you.
You take 4 damage, and have 10/18 hp.
MASSIVE DAMAGE!!
You are too injured to fight recklessly!
You are too injured to fight recklessly!
You are too injured to fight recklessly!
You release your grip on the quokka.
The quokka attacks as you move away! The quokka misses you.
You closely miss the quokka. Your grab misses the quokka.
The quokka closely misses you. The quokka bites you.
You take 4 damage, and have 6/18 hp.
MASSIVE DAMAGE!!
You closely miss the quokka. You grab the quokka.
Your squeeze misses the quokka.
You constrict the quokka, but do no damage.
The quokka barely misses you.
You tentacle-slap the quokka. You constrict the quokka. The quokka bites you.
You take 1 damage, and have 6/18 hp.
You barely miss the quokka. You constrict the quokka.
The quokka completely misses you.
You barely miss the quokka.
You constrict the quokka, but do no damage.
The quokka bites you.
* * * LOW HITPOINT WARNING * * *
You take 4 damage, and have 2/18 hp.
MASSIVE DAMAGE!!
You barely miss the quokka. Your squeeze misses the quokka.
You constrict the quokka. The quokka bites you.
You die...

#. ... #. ... #.
#.# # ###.## #.#
.## ....# #.# #.##
#..# #.# #..#
#..###.###.#.#.##
#.......@rr.....#
#..####.##.####...
#..# #.##)#
#####..####.##.#
#...............
#.###..###.###.#
#.# #..# #. #.#
#(# #..# #. .#
#.###..#


You could see 2 quokkas.

Vanquished Creatures
  A dart slug (D:1)
  A ball python (D:1)
  2 endoplasms (D:1)
  A goblin (D:1)
  2 kobolds (D:1)
7 creatures vanquished.

Notes
Turn   | Place    | Note
-------+----------+-------------------------------------------
     0 | D:1      | OTABOTABOTAB the Octopode Transmuter began the quest for
                  | the Orb.
     0 | D:1      | Reached XP level 1. HP: 13/13 MP: 3/3
   246 | D:1      | Reached XP level 2. HP: 16/18 MP: 5/5
   325 | D:1      | HP: 2/18 [quokka (4)]
   326 | D:1      | Slain by a quokka

Illustrated notes

Levels and vault maps discovered:
D:1:      dpeg_arrival_shrine, layout_loops_ring

Action                   || total
-------------------------++-------
Melee: Unarmed           ||    24
       Kick              ||     3
       Constrict         ||     5
       Tentacles         ||     3
 Cast: Beastly Appendage ||     2
 Abil: End Transformatio ||     2
 Stab: Sleeping          ||     1
Dodge: Dodged            ||    11

Table legend: (Time is in decaauts)
 A = Elapsed time spent in this place.
 B = Non-inter-level travel time spent in this place.
 C = Inter-level travel time spent in this place.
 D = Time resting spent in this place.
 E = Time spent auto-exploring this place.
 F = Levels seen in this place.
 G = Mean time per level.
                   A        B        C        D        E       F      G
               +--------+--------+--------+--------+--------+-----+--------+
         Total |    324 |    324 |      0 |      0 |    262 |   1 |  324.0 |
       Dungeon |    324 |    324 |      0 |      0 |    262 |   1 |  324.0 |
               +--------+--------+--------+--------+--------+-----+--------+

Top non-repeatable levels by time:
     D:1: 324 daAuts

Table legend:
 A = Kills in this place as a percentage of kills in entire the game.
 B = Kills by you in this place as a percentage of kills by you in the entire game.
 C = Kills by friends in this place as a percentage of kills by friends in the entire game.
 D = Other kills in this place as a percentage of other kills in the entire game.
 E = Experience gained in this place as a percentage of experience gained in the entire game.
 F = Experience gained in this place divided by the number of levels of this place that you have seen.
                   A       B       C       D       E      F
               +-------+-------+-------+-------+-------+----------------------
         Total | 100.0 | 100.0 |   N/A |   N/A | 100.0 |  15.0
       Dungeon | 100.0 | 100.0 |   N/A |   N/A | 100.0 |  15.0
               +-------+-------+-------+-------+-------+----------------------
